 Dungeon Crawl Stone Soup version 0.31-a0-142-g31f6795574 (webtiles) character file.

Game seed: 13337990799693493745

638 spacefortress the Covered (level 7, -4/63 HPs)
             Began as a Minotaur Fighter on June 3, 2023.
             Slain by a gnoll
             ... wielding a +0 halberd
             ... led by a gnoll bouda
              (7 damage)
             ... on level 5 of the Dungeon.
             The game lasted 00:11:45 (3988 turns).

spacefortress the Covered (Minotaur Fighter)        Turns: 3988, Time: 00:11:46

Health: -4/63      AC:  9    Str: 23    XL:     7   Next: 25%
Magic:  6/6        EV:  9    Int:  5    God:
Gold:   225        SH:  5    Dex:  9    Spells: 6/6 levels left

rFire   . . .        a - +0 war axe
rCold   . . .        c - +0 buckler
rNeg    . . .        b - +0 scale mail
rPois   .            (helmet restricted)
rElec   .            (no cloak)
rCorr   .            (no gloves)
SInv    .            l - +0 pair of boots
Will    +....        (no amulet) Stlth
                     s - ring of willpower
HPRegen 0.30/turn    (no ring)
MPRegen 0.10/turn

%: no passive effects
@: weakened
A: horns 2, retaliatory headbutt, mutation resistance 1
a: no special abilities


You were on level 5 of the Dungeon.
You visited 1 branch of the dungeon, and saw 5 of its levels.

You collected 225 gold pieces.

Inventory:

Hand Weapons
 a - a +0 war axe (weapon)
Armour
 b - a +0 scale mail (worn)
 c - a +0 buckler (worn)
 l - a +0 pair of boots (worn)
Jewellery
 s - a ring of willpower (left hand)
Scrolls
 e - 2 scrolls of vulnerability
 g - a scroll of poison
 h - 2 scrolls of butterflies {unknown}
 i - 2 scrolls of fog {unknown}
 m - a scroll of enchant weapon {unknown}
 o - 2 scrolls of teleportation {unknown}
 p - 2 scrolls of blinking {unknown}
 q - a scroll of identify {unknown}
 r - a scroll of immolation {unknown}
Potions
 d - a potion of attraction {unknown}
 f - a potion of degeneration {unknown}
 k - a potion of magic {unknown}
 n - a potion of enlightenment {unknown}


   Skills:
 + Level 6.0 Fighting
 - Level 2.8 Axes
 + Level 7.7 Armour
 + Level 5.4 Shields


You had 6 spell levels left.
You didn't know any spells.
Your spell library contained the following spells:

 Spells                   Type           Power      Damage    Failure   Level
 Sandblast                Erth           0%         2d4       82%         1
 Passwall                 Tmut/Erth      0%         N/A       91%         2
 Stone Arrow              Conj/Erth      0%         3d7       99%         3


Dungeon Overview and Level Annotations

Branches:
Dungeon (5/15)
 Temple: D:4-7

Altars:

Shops:
D:1 (


Innate Abilities, Weirdness & Mutations

You have a pair of horns on your head.
You reflexively headbutt those who attack you in melee.
You are somewhat resistant to further mutation.


Message History

The sleepcap releases spores at you.
You hit the sleepcap.
You destroy the sleepcap!
The centaur shoots an arrow.
The arrow hits you!
* * * LOW HITPOINT WARNING * * *
The gnoll closely misses you. You furiously retaliate!
You headbutt the gnoll. You hit the gnoll.
You kill the gnoll!
A gnoll bouda comes into view. It is wielding a +0 whip.
The centaur unwields a +0 orcbow.
The centaur hits you.
* * * LOW HITPOINT WARNING * * *
The centaur kicks you.
* * * LOW HITPOINT WARNING * * *
You slash the centaur!
The centaur is severely wounded.
You block the centaur's attack. The centaur barely misses you.
The gnoll bouda barks out a call to the hunt!
You hear a shout!
You closely miss the centaur.
The centaur is severely wounded.
The centaur hits you but does no damage.
The centaur kicks you but does no damage.
The centaur barely misses you. You block the centaur's attack. x2
The centaur barely misses you.
You slash the centaur!
You kill the centaur!
The gnoll hits you from afar with a +0 halberd!
* * * LOW HITPOINT WARNING * * *
Your Fighting skill increases to level 6!
It was a potion of mutation.
You feel extremely strange.
You feel genetically stable.
The gnoll hits you from afar with a +0 halberd.
* * * LOW HITPOINT WARNING * * *
The gnoll bouda gazes fiercely through you!
You feel your attacks grow feeble.
The gnoll bouda hits you but does no damage.
The air fills with toxic fumes!
As you read the scroll of poison, it crumbles to dust.
The gnoll hits you from afar with a +0 halberd!
You die...

# #.
#§§#######+###§
#§§§§§g@§§§§§§§
#§###g##§§§§§§§
#.# §§§§§§§ #.#
§#+#### #.. §#
#c. ## #g.#
#..#


You could see a gnoll bouda and a gnoll (swift).

Vanquished Creatures
  An ice beast (D:4)
  A centaur (D:5)
  A hound (D:4)
  3 orc priests
  An iguana (D:4)
  A sleepcap (D:5)
  4 orc wizards
  Robin (D:3)
  4 gnolls
  4 adders
  3 dart slugs
  10 orcs
  7 ball pythons
  8 endoplasms
  3 giant cockroaches
  16 goblins
  11 hobgoblins
  4 jackals (D:2)
  4 kobolds
  3 quokkas
  6 bats
  A frilled lizard (D:3)
  8 rats
105 creatures vanquished.

Notes
Turn   | Place    | Note
-------+----------+-------------------------------------------
     0 | D:1      | spacefortress the Minotaur Fighter began the quest for the
                  | Orb.
     0 | D:1      | Reached XP level 1. HP: 19/19 MP: 0/0
    96 | D:1      | Reached XP level 2. HP: 27/27 MP: 1/1
   429 | D:1      | Found Moamaissa's Weapon Boutique.
   474 | D:1      | Reached skill level 4 in Armour
   707 | D:2      | Reached XP level 3. HP: 33/33 MP: 2/2
  1132 | D:2      | Reached XP level 4. HP: 40/41 MP: 3/3
  1337 | D:3      | Reached skill level 5 in Armour
  1697 | D:3      | Reached XP level 5. HP: 46/47 MP: 4/4
  2379 | D:4      | Reached skill level 5 in Fighting
  2421 | D:4      | Reached skill level 6 in Armour
  2638 | D:3      | Reached XP level 6. HP: 56/56 MP: 5/5
  3037 | D:4      | Noticed an ice beast
  3041 | D:4      | Reached skill level 5 in Shields
  3145 | D:4      | Killed an ice beast
  3146 | D:4      | Reached skill level 7 in Armour
  3596 | D:4      | Noticed Robin
  3852 | D:3      | Killed Robin
  3853 | D:3      | Reached XP level 7. HP: 56/62 MP: 6/6
  3970 | D:5      | Entered Level 5 of the Dungeon
  3987 | D:5      | Gained mutation: You are somewhat resistant to further
                  | mutation. [potion of mutation]
  3987 | D:5      | HP: 2/63 [gnoll/+0 halberd[a gnoll bouda] (5)]
  3988 | D:5      | Slain by a gnoll

Illustrated notes

Levels and vault maps discovered:
D:1:      dpeg_arrival_simpleton_c, layout_basic, serial_shops,
          nicolae_shop_peninsula, minmay_pentomino_q4
D:2:      layout_rooms, minmay_misc_feat_secret_circle, grunt_decor_one_mirror
D:3:      layout_basic
D:4:      layout_loops_ring, wad_floor_pattern_1, uniq_robin
D:5:      layout_basic, lexackson_kobold_supper

Skill      XL: |  1  2  3  4  5  6  7 |
---------------+----------------------+-----
Fighting       | 4 5 6 |  6.0
Armour         | 4 5 6 7 |  7.7
Shields        | 4 5 |  5.4
Axes           | |  2.8

Action                     |  1- 3 |  4- 6 |  7- 9 || total
---------------------------+-------+-------+-------++-------
  Melee: War axe           |    75 |   114 |    14 ||   203
         Headbutt          |     7 |    16 |     3 ||    26
    Use: Potion            |       |     4 |     1 ||     5
         Scroll            |       |     2 |     1 ||     3
 Armour: Scale mail        |    42 |    99 |     7 ||   148
  Dodge: Dodged            |    33 |    78 |    13 ||   124
  Block: Buckler           |    21 |    34 |     6 ||    61

Table legend: (Time is in decaauts)
 A = Elapsed time spent in this place.
 B = Non-inter-level travel time spent in this place.
 C = Inter-level travel time spent in this place.
 D = Time resting spent in this place.
 E = Time spent auto-exploring this place.
 F = Levels seen in this place.
 G = Mean time per level.
                   A        B        C        D        E       F      G
               +--------+--------+--------+--------+--------+-----+--------+
         Total |   4073 |   3741 |    332 |    533 |   2095 |   5 |  814.6 |
       Dungeon |   4073 |   3741 |    332 |    533 |   2095 |   5 |  814.6 |
               +--------+--------+--------+--------+--------+-----+--------+

Top non-repeatable levels by time:
     D:3: 1708 daAuts
     D:4: 1074 daAuts
     D:1: 671 daAuts
     D:2: 597 daAuts
     D:5: 21 daAuts
